 Dungeon Crawl Stone Soup version 0.28-a0-589-g333b8329f1 (webtiles) character file.

Game seed: 66544835899459432

34 lawman0 the Cudgeller (level 3, -2/33 HPs)
             Began as a Deep Dwarf Cinder Acolyte on Oct 3, 2021.
             Was a High Priest of Ignis.
             Slain by Crazy Yiuf (8 damage)
             ... on level 2 of the Dungeon.
             The game lasted 00:04:08 (1359 turns).

lawman0 the Cudgeller (Deep Dwarf Cinder Acolyte)   Turns: 1359, Time: 00:04:09

Health: -2/33      AC:  3    Str: 17    XL:     3   Next: 14%
Magic:  1/4        EV: 16    Int: 15    God:    Ignis [*****.]
Gold:   36         SH:  0    Dex:  8    Spells: 1/4 levels left

rFire   + . .      SeeInvis .   a - -1 mace (flame)
rCold   . . .      Faith    .   (no shield)
rNeg    . . .      Spirit   .   l - +0 leather armour
rPois   .          Reflect  .   (no helmet)
rElec   .          Harm     .   (no cloak)
rCorr   .          Rampage  .   (no gloves)
Will    .....                   (no boots)
Stlth   +.........              (no amulet)
HPRegen 0.00/turn               (no ring)
MPRegen 0.09/turn               (no ring)

@: agile, lethally poisoned (-2 -> -2)
A: damage resistance, heal wounds, sense surroundings 1, no regeneration
a: Heal Wounds, Renounce Religion, Sea of Fire, Foxfire Swarm, Rising Flame


You were on level 2 of the Dungeon.
You worshipped Ignis.
Ignis was extremely pleased with you.
You visited 1 branch of the dungeon, and saw 2 of its levels.

You collected 36 gold pieces.

Inventory:

Hand Weapons
 a - a -1 mace of flaming (weapon)
 b - a +2 hunting sling of freezing
Missiles
 m - 23 stones
Armour
 l - a +0 leather armour (worn)
Scrolls
 c - a scroll of identify {unknown}
 d - a scroll of torment {unknown}
 g - a scroll of immolation {unknown}
 h - a scroll of teleportation {unknown}
 i - a scroll of brand weapon {unknown}
 j - a scroll of amnesia {unknown}
 k - a scroll of vulnerability {unknown}
Potions
 e - a potion of might {unknown}
 f - a potion of magic {unknown}


   Skills:
 + Level 2.7 Fighting
 * Level 4.1 Maces & Flails
 + Level 0.1 Slings
 + Level 1.0 Spellcasting
 + Level 2.8 Fire Magic


You had one spell level left.
You knew the following spells:

 Your Spells              Type           Power      Damage    Failure   Level
a - Scorch                Fire           18%        2d6       14%         2
b - Sting                 Tmut/Pois      0%         1d3       30%         1

Your spell library contained the following spells:

 Spells                   Type           Power      Damage    Failure   Level
 Blink                    Tloc           N/A        N/A       41%         2
 Poisonous Vapours        Pois/Air       0%         N/A       41%         2
 Lesser Beckoning         Tloc           0%         N/A       65%         3
 Olgreb's Toxic Radiance  Pois           0%         N/A       96%         4
 Manifold Assault         Tloc           0%         N/A       100%        5


Dungeon Overview and Level Annotations

Branches:
Dungeon (2/15)

Altars:
Cheibriados

Annotations:
D:2 Crazy Yiuf


Innate Abilities, Weirdness & Mutations

You are resistant to damage.
You can heal yourself by infusing magical energy.
You passively map a small area around you.
You do not regenerate.


Message History

Crazy Yiuf is lightly wounded.
Crazy Yiuf's fire resistance burns away.
Crazy Yiuf misses you.
Unknown command.
Casting: Scorch (safe; 14% risk of failure)
Confirm with . or Enter, or press ? or * to list all spells.
You don't have enough magic to cast this spell.
Your +2 hunting sling of freezing stops glowing.
Your -1 mace of flaming bursts into flame!
a - a -1 mace of flaming (weapon)
You closely miss Crazy Yiuf.
Crazy Yiuf is lightly wounded.
Crazy Yiuf is no longer more vulnerable to fire.
Crazy Yiuf hits you with a +4 quarterstaff of chaos!
Crazy Yiuf burns you.
You hit Crazy Yiuf but do no damage.
Crazy Yiuf is lightly wounded.
Crazy Yiuf screams, "Hah!"
Crazy Yiuf barely misses you.
Crazy Yiuf hits you with a +4 quarterstaff of chaos!
* * * LOW HITPOINT WARNING * * *
Crazy Yiuf burns you.
Your magical contamination has completely faded away.
Okay, then.
You feel much better.
Crazy Yiuf yells, "Fluff light illywillydillykilly!"
Crazy Yiuf hits you with a +4 quarterstaff of chaos!
You hit Crazy Yiuf but do no damage.
Crazy Yiuf is lightly wounded.
Crazy Yiuf hits you with a +4 quarterstaff of chaos!
You hit Crazy Yiuf. You burn Crazy Yiuf.
Crazy Yiuf is moderately wounded.
Crazy Yiuf hits you with a +4 quarterstaff of chaos!
* * * LOW HITPOINT WARNING * * *
You are poisoned.
Unknown command.
You barely miss Crazy Yiuf.
Crazy Yiuf is moderately wounded.
Crazy Yiuf hits you with a +4 quarterstaff of chaos!
You die...

#.....#..#.#####..#.......#
#.. ###.##.....#.#
#..#.......# #..
............## ############
### ............# ######
####.######## #..... #
#......####♣♣ ### ######
#########.#....♣♣ ♣♣#..)#
..............P.♣♣♣♣.'...#
#########.#...P.@♣..♣#...#
................♣g♣♣♣ ###
#########.#.##♣♣♣♣♣ #.#.#
#.#.# ### ### #.#.#
#.####.#######
#.##########.............
#.................#######
#.#################


You could see Crazy Yiuf.

Vanquished Creatures
  2 adders (D:2)
  An endoplasm (D:1)
  A goblin (D:2)
  3 hobgoblins
  3 ball pythons (D:1)
  A frilled lizard (D:1)
  2 kobolds (D:2)
  4 rats
17 creatures vanquished.

Vanquished Creatures (others)
  7 toadstools (D:1)
7 creatures vanquished.

Grand Total: 24 creatures vanquished

Notes
Turn   | Place    | Note
-------+----------+-------------------------------------------
     0 | D:1      | lawman0 the Deep Dwarf Cinder Acolyte began the quest for
                  | the Orb.
     0 | D:1      | Reached XP level 1. HP: 20/20 MP: 2/2
   413 | D:1      | Found a faded altar of an unknown god.
   556 | D:2      | Reached XP level 2. HP: 22/27 MP: 3/3
   560 | D:2      | Learned a level 2 spell: Scorch
   562 | D:2      | Learned a level 1 spell: Sting
   964 | D:2      | Reached skill level 4 in Maces & Flails
   964 | D:2      | Reached XP level 3. HP: 21/33 MP: 4/4
  1082 | D:2      | Found a snail-covered altar of Cheibriados.
  1342 | D:2      | Found a runed translucent door.
  1343 | D:2      | Noticed Crazy Yiuf
  1359 | D:2      | Slain by Crazy Yiuf

Illustrated notes

Levels and vault maps discovered:
D:1:      nagdon_arrival_zigzag_paths, layout_basic,
          hellmonk_ecumenical_altar_heavens_door, solitary_fountain
D:2:      layout_basic, basic_altar, uniq_crazy_yiuf_cottage

Skill      XL: |  1  2 |
---------------+-------+-----
Maces & Flails | 4 |  4.1
Fighting       | |  2.7
Slings         | |  0.1
Spellcasting   | |  1.0
Fire Magic     | |  2.8

Action                   || total
-------------------------++-------
Melee: Mace              ||    32
 Fire: Hunting sling     ||     5
 Cast: Scorch            ||     5
 Abil: Heal Wounds       ||     1
Armor: Robe              ||     3
       Leather armour    ||     1
Dodge: Dodged            ||    24

Table legend: (Time is in decaauts)
 A = Elapsed time spent in this place.
 B = Non-inter-level travel time spent in this place.
 C = Inter-level travel time spent in this place.
 D = Time resting spent in this place.
 E = Time spent auto-exploring this place.
 F = Levels seen in this place.
 G = Mean time per level.
                   A        B        C        D        E       F      G
               +--------+--------+--------+--------+--------+-----+--------+
         Total |   1363 |   1337 |     26 |      0 |   1142 |   2 |  681.5 |
       Dungeon |   1363 |   1337 |     26 |      0 |   1142 |   2 |  681.5 |
               +--------+--------+--------+--------+--------+-----+--------+

Top non-repeatable levels by time:
     D:2: 833 daAuts
     D:1: 530 daAuts
